 Dungeon Crawl Stone Soup version 0.31.0-9-g3a7656b989 (webtiles) character file.

Game seed: 5697660074681572897

2638 qw the Skirmisher (level 9, -1/44 HPs)
             Began as a Spriggan Hunter on Feb 2, 2024.
             Was an Initiate of Okawaru.
             Constricted to death by Maurice (4 damage)
             ... on level 8 of the Dungeon.
             The game lasted 00:00:35 (4934 turns).

qw the Skirmisher (Spriggan Hunter)                 Turns: 4934, Time: 00:00:35

Health: -1/44      AC:  4    Str:  7    XL:     9   Next: 35%
Magic:  4/10       EV: 23    Int: 10    God:    Okawaru [......]
Gold:   0          SH:  0    Dex: 23    Spells: 8/8 levels left

rFire   + . .        j - +0 orcbow
rCold   + . .        (shield currently unavailable)
rNeg    . . .        b - +2 robe {rC+ rF+}
rPois   .            (helmet restricted)
rElec   .            (no cloak)
rCorr   .            (gloves unavailable)
SInv    +            (boots unavailable)
Will    +....        (no amulet)
Stlth   ++           k - +4 ring of slaying {mikee}
HPRegen 0.27/turn    (no ring)
MPRegen 0.12/turn

%: no passive effects
@: lethally poisoned (-1 -> -16), grasped by roots, constricted, very quick
A: very small, no large weapons, unfitting armour, see invisible, speed 3
a: Renounce Religion


You were on level 8 of the Dungeon.
You worshipped Okawaru.
Okawaru was noncommittal.
You visited 2 branches of the dungeon, and saw 9 of its levels.

You collected 143 gold pieces.
You spent 143 gold pieces at shops.


Innate Abilities, Weirdness & Mutations

You are very small and have problems with some larger weapons.
You are too small for most types of armour.
You have supernaturally acute eyesight. (SInv)
You cover ground extremely quickly. (Speed+++)


   Skills:
 + Level 3.3 Fighting
 - Level 13.7 Ranged Weapons
 - Level 10.0 Dodging
 - Level 1.5 Stealth


You had 8 spell levels left.
You didn't know any spells.
Your spell library was empty.

Inventory:

Hand Weapons
 j - a +0 orcbow (weapon)
Armour
 b - a +2 robe of resistance (worn)
Jewellery
 k - a +4 ring of slaying (left hand) {mikee}
Scrolls
 a - a scroll of revelation {unknown}
 f - a scroll of enchant armour
Potions
 d - 2 potions of cancellation
 g - a potion of magic
 i - 4 potions of curing

Dungeon Overview and Level Annotations

Branches:
Dungeon (8/15)             Temple (1/1) D:7
   Lair: D:8-11

Altars:
Ashenzari
Cheibriados
Dithmenos
Elyvilon
Fedhas
Hepliaklqana
Kikubaaqudgha
Makhleb
Nemelex Xobeh
Okawaru
Qazlal
Ru
Trog
Uskayaw
Vehumet
Wu Jian
Xom
Yredelemnul
Zin
The Shining One

Shops:
D:3 !   D:4 *   D:5 =   D:6 (

Annotations:
D:8 Joseph, Maurice


Message History

Maurice is unaffected.
The grasping roots constrict you!
You hear a shout!
You hear an angry buzzing noise.
4928 ||| DRINKING 2 potions of heal wounds.
You feel much better.
You feel very sick.
A hornet comes into view.
Maurice completely misses you. Maurice barely misses you.
The grasping roots constrict you.
You shoot an arrow. The arrow hits Maurice.
Maurice is lightly wounded.
You feel sick. Maurice completely misses you. Maurice bites you.
You feel your power leaking away. Maurice drains your magic.
The grasping roots constrict you.
You shoot an arrow. The arrow misses Maurice.
You feel sick.
The grasping roots release their grip on you.
You shoot an arrow. The arrow hits Maurice!
Maurice is moderately wounded.
You feel sick.
Maurice hits you with a +0 dagger of venom!
Maurice steals 181 gold pieces!
You now have 0 gold pieces.
You are lethally poisoned!
Maurice completely misses you.
4932 ||| DRINKING potion of heal wounds.
You feel much better.
You feel extremely sick.
Maurice says, "Very interesting."
Maurice zaps a wand.
The roots erupt in riotous growth!
The grasping roots grab you!
Maurice is unaffected.
The grasping roots constrict you!
You shoot an arrow. The arrow closely misses Maurice.
You feel very sick. Maurice closely misses you. Maurice completely misses you.
The grasping roots constrict you.
You shoot an arrow. The arrow hits Maurice!
Maurice is heavily wounded.
You feel very sick. The hornet misses you. Maurice barely misses you.
Maurice closely misses you. The grasping roots constrict you.
You die...

..######## ...
.........# ..
....####.######### ..
..................
.####.._:.####..~~ยค~
........(..........
#.#######..........
##y#######.#########
##..@.......#
#..f#######.#
#..###..# #.# ## #.
#..# #.# #. # #..#
#.# #. ..#.# #.# #.
####.# #.# #. .@f
#.########. .#.
....!....


You could see Maurice and a hornet.

Vanquished Creatures
  Menkaure (D:4)
  2 water moccasins
  Duvessa (D:6)
  3 sky beasts
  3 ogres
  2 centaurs
  2 phantoms (D:6)
  A kobold brigand (D:6)
  A bullfrog (D:6)
  A scorpion (D:7)
  4 wights (D:7)
  Dowan (D:6)
  3 killer bees
  2 howler monkeys (D:7)
  A bombardier beetle (D:4)
  2 hounds (D:5)
  2 orc priests
  An iguana (D:5)
  An orc wizard (D:7)
  A statue (D:7)
  3 adders
  A shadow imp (D:7)
  3 dart slugs
  2 ribbon worms
  31 orcs
  4 ball pythons
  9 bats
  6 endoplasms
  2 giant cockroaches (D:1)
  12 goblins
  12 hobgoblins
  5 jackals
  11 kobolds
  7 quokkas
  4 frilled lizards
  3 rats
150 creatures vanquished.

Notes
Turn   | Place    | Note
-------+----------+-------------------------------------------
     0 | D:1      | qw the Spriggan Hunter began the quest for the Orb.
     0 | D:1      | Reached XP level 1. HP: 10/10 MP: 2/2
     0 | D:1      | 0 ||| qw: Version: 0.3-a-155-g5e7d8dd
     0 | D:1      | 0 ||| qw: Game counter: 1016
     0 | D:1      | 0 ||| qw: Melee chars always use a shield: true
     0 | D:1      | 0 ||| qw: God list: Okawaru
     0 | D:1      | 0 ||| qw: Allow faded altars: false
     0 | D:1      | 0 ||| qw: Do Orc after clearing Dungeon:15 true
     0 | D:1      | 0 ||| qw: Do second Lair branch before Depths: true
     0 | D:1      | 0 ||| qw: Lair rune preference: random
     0 | D:1      | 0 ||| qw: Goals: Normal
     0 | D:1      | 0 ||| PLANNING D:1-11
    35 | D:1      | Reached skill level 3 in Dodging
   111 | D:1      | Reached XP level 2. HP: 7/14 MP: 3/3
   175 | D:1      | You fall into a shaft and drop 1 floor!
   235 | D:2      | Reached XP level 3. HP: 18/18 MP: 4/4
   257 | D:2      | 257 ||| DROPPING amulet of magic regeneration.
   258 | D:2      | 258 ||| READING scroll labelled FISODW TEZI.
   258 | D:2      | 258 ||| ENCHANTING +0 shortbow.
   259 | D:2      | 259 ||| DRINKING 2 purple potions.
   260 | D:2      | 260 ||| DROPPING scroll of butterflies.
   275 | D:1      | HP: 4/18 [hobgoblin (1)]
   276 | D:1      | 276 ||| DRINKING potion of heal wounds.
   641 | D:2      | Reached skill level 5 in Ranged Weapons
   648 | D:2      | HP: 2/18 [goblin/sling bullet (6)]
   649 | D:2      | 649 ||| DRINKING potion of heal wounds.
   654 | D:2      | Reached XP level 4. HP: 22/22 MP: 5/5
  1097 | D:2      | 1097 ||| READING scroll labelled MAUNGU EXAIH.
  1097 | D:2      | 1097 ||| IDENTIFYING glowing coppery potion
  1098 | D:2      | 1098 ||| READING scroll labelled OGEMUN PEXKAKI.
  1128 | D:3      | Found a snail-covered altar of Cheibriados.
  1220 | D:3      | Found a shimmering altar of Xom.
  1344 | D:3      | Found Uhaomos's Distillery.
  1349 | D:3      | 1349 ||| BUYING potion of curing (39 gold).
  1349 | D:3      | Bought a potion of curing for 39 gold pieces
  1349 | D:3      | 1349 ||| BUYING potion of curing (39 gold).
  1349 | D:3      | Bought a potion of curing for 39 gold pieces
  1349 | D:3      | 1349 ||| BUYING potion of heal wounds (65 gold).
  1349 | D:3      | Bought a potion of heal wounds for 65 gold pieces
  1349 | D:3      | 1349 ||| SHOPLISTING potion of heal wounds (65 gold, have
                  | 6).
  1349 | D:3      | 1349 ||| SHOPLISTING potion of might (52 gold, have 6).
  1436 | D:3      | 1436 ||| READING 3 scrolls labelled HEATTE BOIFRI.
  1437 | D:3      | 1437 ||| DROPPING 2 scrolls of noise.
  1607 | D:4      | Found an ornate altar of the Wu Jian Council.
  1692 | D:4      | Found a glowing golden altar of the Shining One.
  1790 | D:4      | Reached XP level 5. HP: 26/26 MP: 6/6
  1833 | D:4      | Found Wagut's General Store.
  1835 | D:3      | Found a faded altar of an unknown god.
  1900 | D:3      | 1900 ||| READING scroll labelled DIASAC DIRHA.
  1922 | D:4      | 1922 ||| SHOPLISTING ring of willpower (275 gold, have 70).
  2388 | D:4      | 2388 ||| READING scroll labelled OTEF BEINETOQ.
  2505 | D:5      | Entered Level 5 of the Dungeon
  2505 | D:5      | Noticed Menkaure
  2506 | D:5      | 2506 ||| STAIRDANCE
  2510 | D:5      | 2510 ||| STAIRDANCE
  2512 | D:4      | 2512 ||| ZAPPING wand of flame (17) at 1,1 (Menkaure;
                  | floor).
  2512 | D:4      | HP: 6/26 [Menkaure (20)]
  2513 | D:4      | 2513 ||| DRINKING 5 potions of heal wounds.
  2514 | D:4      | 2514 ||| ZAPPING wand of flame (16) at 1,1 (Menkaure;
                  | floor).
  2515 | D:4      | 2515 ||| ZAPPING wand of flame (15) at 1,1 (Menkaure;
                  | floor).
  2516 | D:4      | 2516 ||| ZAPPING wand of flame (14) at 1,1 (Menkaure;
                  | floor).
  2516 | D:4      | Killed Menkaure
  2517 | D:4      | Reached skill level 6 in Ranged Weapons
  2586 | D:5      | 2586 ||| STAIRDANCE
  2622 | D:5      | 2622 ||| STAIRDANCE
  2652 | D:5      | Reached XP level 6. HP: 30/30 MP: 7/7
  2663 | D:5      | HP: 3/30 [orc/boomerang (5)]
  2664 | D:5      | 2664 ||| DRINKING 4 potions of heal wounds.
  2672 | D:5      | 2672 ||| FLEEEEING.
  2674 | D:5      | 2674 ||| FLEEEEING.
  2675 | D:5      | 2675 ||| FLEEEEING.
  2676 | D:5      | 2676 ||| FLEEEEING.
  2677 | D:5      | 2677 ||| FLEEEEING.
  2678 | D:5      | 2678 ||| STAIRDANCE
  2727 | D:5      | 2727 ||| STAIRDANCE
  2883 | D:5      | Reached skill level 6 in Dodging
  2886 | D:5      | 2886 ||| FLEEEEING.
  2887 | D:5      | 2887 ||| FLEEEEING.
  2888 | D:5      | 2888 ||| FLEEEEING.
  2889 | D:5      | 2889 ||| FLEEEEING.
  2890 | D:5      | 2890 ||| FLEEEEING.
  2891 | D:5      | 2891 ||| FLEEEEING.
  2892 | D:5      | 2892 ||| FLEEEEING.
  2893 | D:5      | 2893 ||| FLEEEEING.
  2894 | D:5      | 2894 ||| FLEEEEING.
  2896 | D:5      | 2896 ||| FLEEEEING.
  2897 | D:5      | 2897 ||| FLEEEEING.
  2899 | D:5      | 2899 ||| FLEEEEING.
  2900 | D:5      | 2900 ||| FLEEEEING.
  2902 | D:5      | 2902 ||| FLEEEEING.
  2903 | D:5      | 2903 ||| FLEEEEING.
  2904 | D:5      | 2904 ||| FLEEEEING.
  2906 | D:5      | 2906 ||| FLEEEEING.
  2907 | D:5      | 2907 ||| FLEEEEING.
  2909 | D:5      | 2909 ||| STAIRDANCE
  2935 | D:4      | 2935 ||| READING scroll of identify.
  2935 | D:4      | 2935 ||| IDENTIFYING bubbling inky potion
  2936 | D:4      | 2936 ||| DRINKING potion of experience.
  2936 | D:4      | Reached skill level 13 in Ranged Weapons
  2936 | D:4      | Reached XP level 7. HP: 35/35 MP: 8/8
  2967 | D:5      | Found Yhautiq's Jewellery Shoppe.
  2976 | D:5      | 2976 ||| SHOPLISTING +4 ring of protection (504 gold, have
                  | 110).
  2976 | D:5      | 2976 ||| SHOPLISTING +6 ring of dexterity (504 gold, have
                  | 110).
  2976 | D:5      | 2976 ||| SHOPLISTING amulet of guardian spirit (420 gold,
                  | have 110).
  2976 | D:5      | 2976 ||| SHOPLISTING ring of fire (350 gold, have 110).
  2976 | D:5      | 2976 ||| SHOPLISTING ring of positive energy (280 gold,
                  | have 110).
  2976 | D:5      | 2976 ||| SHOPLISTING ring of resist corrosion (280 gold,
                  | have 110).
  2976 | D:5      | 2976 ||| SHOPLISTING ring of willpower (350 gold, have
                  | 110).
  3142 | D:5      | Identified the +1 mace "Vuth" {drain, rF- Str+3 Dex+4}
  3300 | D:5      | 3300 ||| UPGRADING to +4 ring of slaying {mikee}.
  3301 | D:5      | 3301 ||| READING scroll labelled WAFIPT BIBIFI.
  3301 | D:5      | 3301 ||| BRANDING +0 shortbow.
  3302 | D:5      | 3302 ||| DRINKING 2 fuming yellow potions.
  3303 | D:5      | 3303 ||| DROPPING potion of brilliance.
  3388 | D:6      | Reached XP level 8. HP: 39/39 MP: 9/9
  3392 | D:6      | Noticed Dowan
  3397 | D:6      | 3397 ||| FLEEEEING.
  3398 | D:6      | 3398 ||| FLEEEEING.
  3399 | D:6      | 3399 ||| FLEEEEING.
  3400 | D:6      | 3400 ||| FLEEEEING.
  3401 | D:6      | 3401 ||| FLEEEEING.
  3402 | D:6      | 3402 ||| FLEEEEING.
  3404 | D:6      | 3404 ||| FLEEEEING.
  3405 | D:6      | 3405 ||| FLEEEEING.
  3407 | D:6      | 3407 ||| FLEEEEING.
  3408 | D:6      | 3408 ||| FLEEEEING.
  3410 | D:6      | 3410 ||| FLEEEEING.
  3411 | D:6      | 3411 ||| FLEEEEING.
  3412 | D:6      | 3412 ||| FLEEEEING.
  3414 | D:6      | 3414 ||| FLEEEEING.
  3415 | D:6      | 3415 ||| FLEEEEING.
  3416 | D:6      | 3416 ||| FLEEEEING.
  3418 | D:6      | 3418 ||| FLEEEEING.
  3419 | D:6      | 3419 ||| FLEEEEING.
  3421 | D:6      | 3421 ||| STAIRDANCE
  3463 | D:5      | 3463 ||| READING scroll labelled LYMOOSEIVI.
  3471 | D:6      | Killed Dowan
  3679 | D:6      | 3679 ||| SWAPPING to +0 orcbow.
  3680 | D:6      | 3680 ||| DROPPING +0 shortbow of flaming.
  3713 | D:6      | Found Yroeduj's Antique Weapon Shop.
  3789 | D:6      | Noticed Duvessa
  3797 | D:6      | Killed Duvessa
  3798 | D:6      | Reached skill level 3 in Fighting
  3857 | D:7      | 3857 ||| STAIRDANCE
  3953 | D:7      | 3953 ||| STAIRDANCE
  4018 | D:7      | 4018 ||| STAIRDANCE
  4029 | D:7      | 4029 ||| STAIRDANCE
  4072 | D:7      | 4072 ||| STAIRDANCE
  4150 | D:7      | 4150 ||| STAIRDANCE
  4172 | D:7      | 4172 ||| STAIRDANCE
  4183 | D:7      | 4183 ||| STAIRDANCE
  4203 | D:7      | 4203 ||| STAIRDANCE
  4261 | D:7      | 4261 ||| STAIRDANCE
  4302 | D:7      | 4302 ||| STAIRDANCE
  4352 | D:7      | Reached XP level 9. HP: 44/44 MP: 10/10
  4356 | D:7      | Reached skill level 9 in Dodging
  4360 | D:7      | Found a sparkling altar of Nemelex Xobeh.
  4434 | D:7      | Found a staircase to the Ecumenical Temple.
  4435 | D:7      | 4435 ||| PLANNING TEMPLE
  4435 | D:7      | 4435 ||| DROPPING wand of flame (13).
  4447 | Temple   | Entered the Ecumenical Temple
  4448 | Temple   | 4448 ||| PLANNING OKAWARU WORSHIP
  4466 | Temple   | Became a worshipper of Warmaster Okawaru
  4467 | Temple   | 4467 ||| PLANNING D:1-11
  4652 | D:7      | Found a flagged portal.
  4684 | D:7      | Found a radiant altar of Vehumet.
  4781 | D:7      | 4781 ||| UPGRADING to +0 robe of resistance.
  4791 | D:7      | 4791 ||| DROPPING +0 robe.
  4792 | D:7      | 4792 ||| READING 3 scrolls of enchant armour.
  4792 | D:7      | 4792 ||| ENCHANTING +0 robe of resistance.
  4793 | D:7      | 4793 ||| READING 2 scrolls of enchant armour.
  4793 | D:7      | 4793 ||| ENCHANTING +1 robe of resistance.
  4794 | D:7      | 4794 ||| READING 2 scrolls of identify.
  4794 | D:7      | 4794 ||| IDENTIFYING cyan potion
  4795 | D:7      | 4795 ||| READING scroll of identify.
  4795 | D:7      | 4795 ||| IDENTIFYING 3 bubbling dark potions
  4796 | D:7      | 4796 ||| READING scroll labelled VISCHO MAREJI.
  4800 | D:7      | 4800 ||| DROPPING 3 potions of attraction.
  4883 | D:8      | Found a hide-covered altar of Uskayaw.
  4907 | D:8      | Noticed Joseph
  4909 | D:8      | Noticed Maurice
  4913 | D:8      | 4913 ||| FLEEEEING.
  4914 | D:8      | 4914 ||| FLEEEEING.
  4915 | D:8      | 4915 ||| FLEEEEING.
  4921 | D:8      | Maurice stole 126 gold
  4925 | D:8      | HP: 10/44 [poisoned by Maurice]
  4925 | D:8      | Maurice stole 71 gold
  4926 | D:8      | 4926 ||| DRINKING 3 potions of heal wounds.
  4928 | D:8      | 4928 ||| DRINKING 2 potions of heal wounds.
  4931 | D:8      | HP: 11/44 [Maurice/+0 dagger of venom (9)]
  4931 | D:8      | Maurice stole 181 gold
  4932 | D:8      | 4932 ||| DRINKING potion of heal wounds.
  4933 | D:8      | HP: 5/44 [constriction (5)]
  4934 | D:8      | Constricted to death by Maurice

Levels and vault maps discovered:
D:1:      lemuel_arrival_tunnels, layout_rooms
D:2:      layout_rooms, serial_rivers, chequers_serial_rivers_large_a,
          chequers_serial_rivers_small_3, chequers_serial_rivers_micro_d,
          chequers_serial_rivers_large_b, chequers_serial_rivers_small_3,
          minmay_ruptured
D:3:      layout_basic, lemuel_round_altar, amcnicky_altar_gilded, serial_shops,
          shop, shapermc_ecumenical_altar_starsandcircs
D:4:      layout_basic, tso_altar, nzn_wu_jian_council_hall, serial_shops, shop,
          serial_forest, infiniplex_forest_end_2, infiniplex_forest_pool,
          infiniplex_forest_zigzag_2, infiniplex_forest_diagonal,
          infiniplex_forest_lined_room_, infiniplex_forest_end_2,
          infiniplex_forest_end_double
D:5:      layout_gridville, serial_shops, shop, uniq_menkaure
D:6:      layout_cave_pools, serial_shops, shop, uniq_duvessa
D:7:      layout_rooms, vehumet_statue, nemelex_xobeh_ov_fountains_minmay,
          minmay_temple_entry_ruins, enter_bailey_5
D:8:      layout_loops_ring, mainiacjoe_overflow_boulevard,
          mainiacjoe_overflow_alcove_4, uniq_joseph, uniq_erica, uniq_psyche,
          uniq_maurice
Temple:   nicolae_temple_god_jail

Skill      XL: |  1  2  3  4  5  6  7  8  9 |
---------------+----------------------------+-----
Dodging        | 3 4 5 6 7 8 10 | 10.0
Ranged Weapons | 5 6 13 | 13.7
Fighting       | 2 3 |  3.3
Stealth        | |  1.5

Action                     |  1- 3 |  4- 6 |  7- 9 || total
---------------------------+-------+-------+-------++-------
   Fire: Shortbow          |   138 |   269 |    85 ||   492
         Orcbow            |       |       |   133 ||   133
  Evoke: Wand              |       |     4 |       ||     4
    Use: Potion            |     3 |     3 |     4 ||    10
         Scroll            |     1 |     6 |     7 ||    14
 Armour: Robe              |    20 |    46 |    26 ||    92
  Dodge: Dodged            |    67 |   103 |    91 ||   261

Table legend:
 A = Non-vault XP
 B = Vault XP
 C = Vault XP percentage of total XP
 D = Non-vault monster count
 E = Vault monster count
 F = Vault count percentage of total count
                 A         B        C        D         E       F
            +---------+---------+-------+---------+---------+-------
      Total |    2878 |     434 |  13.1 |     139 |      11 |   7.3
            +---------+---------+-------+---------+---------+-------
        D:1 |      58 |       0 |   0.0 |      31 |       0 |   0.0
        D:2 |      41 |      18 |  30.5 |      22 |       3 |  12.0
        D:3 |      26 |       0 |   0.0 |       8 |       0 |   0.0
        D:4 |      72 |     165 |  69.6 |      15 |       1 |   6.2
        D:5 |     439 |       0 |   0.0 |      18 |       0 |   0.0
        D:6 |    1240 |     211 |  14.5 |      25 |       2 |   7.4
        D:7 |     857 |      40 |   4.5 |      19 |       5 |  20.8
        D:8 |     145 |       0 |   0.0 |       1 |       0 |   0.0
            +---------+---------+-------+---------+---------+-------
